 Dungeon Crawl Stone Soup version 0.29.0-4-gdea44cf6ec (webtiles) character file.

Game seed: 7876621124810338455

1749 qw the Grappler (level 8, -5/75 HPs)
             Began as a Troll Cinder Acolyte on Sept 2, 2022.
             Was an Elder of Ignis.
             Slain by a raiju (9 damage)
             ... on level 1 of the Abyss.
             The game lasted 00:02:58 (4376 turns).

qw the Grappler (Troll Cinder Acolyte)              Turns: 4376, Time: 00:02:59

Health: -5/75      AC: 11    Str: 25    XL:     8   Next: 78%
Magic:  8/8        EV:  8    Int: 10    God:    Ignis [****..]
Gold:   28         SH:  7    Dex:  5    Spells: 9/9 levels left

rFire   + + .      SeeInvis .     - Unarmed
rCold   . . .      Faith    .   d - +0 kite shield
rNeg    . . .      Spirit   .   a - +0 robe
rPois   .          Reflect  .   (helmet restricted)
rElec   .          Harm     .   (no cloak)
rCorr   .          Rampage  .   (gloves unavailable)
Will    .....                   (boots unavailable)
Stlth   +.........              (no amulet)
HPRegen 1.02/turn               f - ring of protection from fire
MPRegen 0.11/turn               j - +4 ring of slaying {mikee}

@: fiery-armoured
A: large, unfitting armour, claws 3, regeneration 1, shaggy fur 1, tough skin 1
a: Renounce Religion, Fiery Armour, Foxfire Swarm, Rising Flame


You were on level 1 of the Abyss.
You worshipped Ignis.
Ignis was greatly pleased with you.
You visited 1 branch of the dungeon, and saw 6 of its levels.
You visited the Abyss 1 time.

You collected 314 gold pieces.
You spent 286 gold pieces at shops.


Innate Abilities, Weirdness & Mutations

You are too large for most types of armour.
You have claws for hands.
Your natural rate of healing is unusually fast.
You are covered in fur. (AC +1)
You have tough skin. (AC +1)


   Skills:
 - Level 3.2 Fighting
 + Level 0.0 Throwing
 - Level 6.1 Shields
 - Level 9.2 Unarmed Combat
 - Level 1.0 Spellcasting
 - Level 2.1 Fire Magic


You had 9 spell levels left.
You didn't know any spells.
Your spell library contained the following spells:

 Spells                   Type           Power      Damage    Failure   Level
 Scorch                   Fire           8%         2d5       41%         2

Inventory:

Missiles
 r - 2 boomerangs (quivered)
Armour
 a - a +0 robe (worn)
 d - a +0 kite shield (worn)
Jewellery
 b - a ring of positive energy
 f - a ring of protection from fire (left claw)
 h - a ring of protection from fire
 j - a +4 ring of slaying (right claw) {mikee}
Scrolls
 m - 2 scrolls of enchant weapon
Potions
 c - a potion of brilliance {unknown}
 e - 3 potions of curing
 g - a potion of lignification {unknown}
 i - a potion of might
 k - a potion of berserk rage {unknown}
 p - 2 potions of cancellation
 q - a potion of heal wounds {unknown}

Dungeon Overview and Level Annotations

Branches:
Dungeon (6/15)
 Temple: D:4-7

Altars:
Dithmenos
Gozag
Kikubaaqudgha
Nemelex Xobeh
Qazlal
Uskayaw
Wu Jian
Zin

Shops:
D:3 ((:   D:5 !


Message History

The small abomination is severely damaged.
You block the small abomination's attack.
You claw the small abomination!
You destroy the small abomination!
A small abomination comes into view.
4352 ||| Stepping ~*~*~tactically~*~*~ (stealth).
4355 ||| Stepping ~*~*~tactically~*~*~ (stealth). 2 raiju come into view.
The raiju barks! x2
You claw the raiju!
The raiju is moderately wounded.
You hear a bark!
You scratch the raiju but do no damage.
The raiju is moderately wounded.
The raiju bites you but does no damage.
The raiju bursts into living lightning!
The living lightning hits you!!
The raiju blinks! x2
You mangle the raiju!!
The raiju is almost dead.
You mangle the raiju!!
You kill the raiju!
A raiju comes into view.
The raiju bites you but does no damage. You block the raiju's attack.
Your Unarmed Combat skill increases to level 9!
You scratch the raiju.
The raiju is lightly wounded.
The raiju bites you but does no damage.
The raiju bursts into living lightning!
The living lightning hits you!
The raiju blinks!
You claw the raiju!
The raiju is moderately wounded.
The raiju bites you! The raiju shocks you! The raiju bites you.
The raiju shocks you! You block the raiju's attack.
A wretched star comes into view.
4376 ||| INVOKING Fiery Armour.
A protective cloak of flame settles atop you.
The raiju bursts into living lightning!
The living lightning hits you!
The raiju blinks!
You block the raiju's attack. The raiju bites you. The raiju shocks you!
You die...

. # ## ..## ####
## ..# *..#.#.
.##.#
#...#...#.# #
#... ..##.##
#..h#...#..# ..
...#h@#......
#.....#h#%.....#
#.#. ##.#####..
.#. . ... .
.#x##. . . #. .~
.# .#. # ##


You could see a wretched star and 3 raiju.

Vanquished Creatures
  A raiju (Abyss:1)
  A small abomination (Abyss:1)
  An ice beast (D:5)
  A sky beast (D:4)
  2 black bears
  A phantom (D:6)
  A bullfrog (D:4)
  A scorpion (D:6)
  4 necrophages
  A howler monkey (D:5)
  5 hounds
  2 jellies (D:4)
  4 iguanas
  2 gnoll boudas
  4 gnolls
  8 adders
  4 ufetubi
  2 worms (D:4)
  2 dart slugs
  3 orcs
  8 ball pythons
  7 endoplasms
  4 giant cockroaches
  8 goblins
  10 hobgoblins
  2 jackals (D:2)
  6 quokkas
  4 bats
  4 frilled lizards
  13 kobolds
  5 rats
121 creatures vanquished.

Notes
Turn   | Place    | Note
-------+----------+-------------------------------------------
     0 | D:1      | qw the Troll Cinder Acolyte began the quest for the Orb.
     0 | D:1      | Reached XP level 1. HP: 22/22 MP: 1/1
     0 | D:1      | 0 ||| qw: Version: 0.1-a-97-g2dd2ca4
     0 | D:1      | 0 ||| qw: Game counter: 4989
     0 | D:1      | 0 ||| qw: Always use a shield: true
     0 | D:1      | 0 ||| qw: God list: Okawaru
     0 | D:1      | 0 ||| qw: Allow faded altars: false
     0 | D:1      | 0 ||| qw: Do Orc after D:15 true
     0 | D:1      | 0 ||| qw: Do second Lair branch before Depths: true
     0 | D:1      | 0 ||| qw: Lair rune preference: random
     0 | D:1      | 0 ||| qw: Plans: Normal
     0 | D:1      | 0 ||| PLANNING D:1-11
    92 | D:1      | 92 ||| Stepping ~*~*~tactically~*~*~ (stealth).
   122 | D:1      | Reached XP level 2. HP: 29/29 MP: 2/2
   211 | D:1      | Found a faded altar of an unknown god.
   272 | D:1      | 272 ||| Stepping ~*~*~tactically~*~*~ (stealth).
   465 | D:1      | Reached skill level 4 in Unarmed Combat
   739 | D:1      | Reached XP level 3. HP: 31/36 MP: 3/3
   790 | D:1      | 790 ||| DROPPING ring of wizardry.
   824 | D:2      | 824 ||| Stepping ~*~*~tactically~*~*~ (hiding).
   827 | D:2      | 827 ||| Stepping ~*~*~tactically~*~*~ (hiding).
  1027 | D:2      | 1027 ||| Stepping ~*~*~tactically~*~*~ (stealth).
  1155 | D:2      | 1155 ||| Stepping ~*~*~tactically~*~*~ (stealth).
  1425 | D:2      | 1425 ||| UPGRADING to ring of protection from fire.
  1426 | D:2      | 1426 ||| UPGRADING to ring of positive energy.
  1427 | D:2      | 1427 ||| READING scroll labelled YLAAFU OSHYGUPT.
  1428 | D:2      | 1428 ||| Stepping randomly (stuck).
  1429 | D:2      | 1429 ||| Stepping ~*~*~tactically~*~*~ (cloud).
  1484 | D:3      | 1484 ||| Stepping ~*~*~tactically~*~*~ (stealth).
  1500 | D:3      | Reached skill level 5 in Unarmed Combat
  1500 | D:3      | Reached XP level 4. HP: 44/44 MP: 4/4
  1592 | D:3      | You fall into a shaft and drop 1 floor!
  1713 | D:3      | 1713 ||| Stepping ~*~*~tactically~*~*~ (stealth).
  1719 | D:3      | 1719 ||| FLEEEEING.
  1820 | D:3      | Found Alutiggearch's Weapon Emporium.
  1821 | D:3      | Found Isedghonn's Book Emporium.
  1867 | D:3      | Found a glowing silver altar of Zin.
  2160 | D:3      | 2160 ||| Stepping ~*~*~tactically~*~*~ (stealth).
  2186 | D:3      | Found a sparkling altar of Nemelex Xobeh.
  2187 | D:3      | 2187 ||| Stepping ~*~*~tactically~*~*~ (stealth).
  2224 | D:3      | Found Affeiw's Weapon Emporium.
  2233 | D:3      | Reached XP level 5. HP: 50/50 MP: 5/5
  2362 | D:3      | Identified the +1 spear of Mank {venom, rC+++ MP-9 Dex+5}
  2484 | D:3      | 2484 ||| UPGRADING to +0 kite shield.
  2489 | D:3      | 2489 ||| READING scroll labelled NOUKLA ZUELAY.
  2490 | D:3      | 2490 ||| READING scroll labelled WUSKEI TEZUQ.
  2491 | D:3      | 2491 ||| DRINKING 2 red potions.
  2492 | D:3      | 2492 ||| DROPPING potion of degeneration.
  2514 | D:4      | Noticed a black bear
  2522 | D:4      | Killed a black bear
  2586 | D:4      | 2586 ||| Stepping ~*~*~tactically~*~*~ (stealth).
  2588 | D:4      | 2588 ||| Stepping ~*~*~tactically~*~*~ (stealth).
  2593 | D:4      | 2593 ||| INVOKING Fiery Armour.
  2594 | D:4      | 2594 ||| Stepping ~*~*~tactically~*~*~ (outnumbered).
  2597 | D:4      | Reached XP level 6. HP: 54/59 MP: 6/6
  2600 | D:4      | Reached skill level 3 in Shields
  2601 | D:4      | 2601 ||| Stepping ~*~*~tactically~*~*~ (outnumbered).
  2771 | D:4      | 2771 ||| INVOKING Fiery Armour.
  2820 | D:4      | 2820 ||| FLEEEEING.
  2821 | D:4      | 2821 ||| FLEEEEING.
  2822 | D:4      | 2822 ||| FLEEEEING.
  2823 | D:4      | 2823 ||| FLEEEEING.
  2824 | D:4      | 2824 ||| FLEEEEING.
  2825 | D:4      | 2825 ||| FLEEEEING.
  2826 | D:4      | 2826 ||| FLEEEEING.
  2828 | D:4      | 2828 ||| FLEEEEING.
  2829 | D:4      | 2829 ||| FLEEEEING.
  2830 | D:4      | 2830 ||| FLEEEEING.
  2831 | D:4      | 2831 ||| FLEEEEING.
  2836 | D:4      | 2836 ||| STAIRDANCE
  2846 | D:3      | 2846 ||| UPGRADING to ring of protection from fire.
  2848 | D:3      | 2848 ||| UPGRADING to +4 ring of slaying {mikee}.
  2850 | D:3      | 2850 ||| READING scroll labelled FIPUGILUTA.
  2851 | D:3      | 2851 ||| READING 2 scrolls labelled LON XYXZYWAESM.
  2852 | D:3      | 2852 ||| DROPPING scroll of immolation.
  2872 | D:4      | 2872 ||| Stepping ~*~*~tactically~*~*~ (stealth).
  2993 | D:4      | Noticed a sky beast
  3013 | D:4      | Killed a sky beast
  3014 | D:4      | Reached skill level 6 in Unarmed Combat
  3014 | D:4      | Reached XP level 7. HP: 40/66 MP: 7/7
  3072 | D:4      | Found a shadowy altar of Dithmenos.
  3074 | D:4      | Found an ornate altar of the Wu Jian Council.
  3074 | D:4      | Found a stormy altar of Qazlal.
  3087 | D:4      | Found an opulent altar of Gozag.
  3090 | D:4      | Found an ancient bone altar of Kikubaaqudgha.
  3192 | D:5      | Entered Level 5 of the Dungeon
  3435 | D:5      | Reached skill level 7 in Unarmed Combat
  3496 | D:5      | 3496 ||| Stepping ~*~*~tactically~*~*~ (hiding).
  3548 | D:5      | Reached skill level 6 in Shields
  3548 | D:5      | Reached XP level 8. HP: 61/74 MP: 8/8
  3682 | D:5      | Found Nuwnyawi's Distillery.
  3691 | D:5      | 3691 ||| BUYING 2 potions of cancellation (208 gold).
  3691 | D:5      | Bought 2 potions of cancellation for 208 gold pieces
  3691 | D:5      | 3691 ||| BUYING 2 potions of curing (78 gold).
  3691 | D:5      | Bought 2 potions of curing for 78 gold pieces
  3691 | D:5      | 3691 ||| SHOPLISTING potion of curing (39 gold, have 22).
  3691 | D:5      | 3691 ||| SHOPLISTING potion of heal wounds (65 gold, have
                  | 22).
  4035 | D:5      | 4035 ||| READING scroll labelled OXZACV UFAJ.
  4036 | D:5      | 4036 ||| READING scroll labelled YCIMPAO BASOM.
  4037 | D:5      | 4037 ||| READING scroll labelled XURUOCUZIA.
  4040 | D:5      | 4040 ||| READING scroll labelled ZARUIT QUA.
  4060 | D:6      | Found a hide-covered altar of Uskayaw.
  4146 | D:6      | 4146 ||| Stepping ~*~*~tactically~*~*~ (outnumbered).
  4153 | D:6      | Reached skill level 8 in Unarmed Combat
  4154 | D:6      | 4154 ||| INVOKING Fiery Armour.
  4264 | D:6      | Reached skill level 3 in Fighting
  4307 | D:6      | 4307 ||| Stepping ~*~*~tactically~*~*~ (hiding).
  4310 | D:6      | 4310 ||| Stepping ~*~*~tactically~*~*~ (hiding).
  4318 | Abyss:1  | Cast into level 1 of the Abyss (gnoll)
  4319 | Abyss:1  | 4319 ||| READING 3 scrolls labelled VEMIUXO VEEDD.
  4320 | Abyss:1  | 4320 ||| READING scroll labelled RITEG WIOXZUCW.
  4352 | Abyss:1  | 4352 ||| Stepping ~*~*~tactically~*~*~ (stealth).
  4355 | Abyss:1  | 4355 ||| Stepping ~*~*~tactically~*~*~ (stealth).
  4370 | Abyss:1  | Noticed a raiju
  4370 | Abyss:1  | Noticed a raiju
  4370 | Abyss:1  | Noticed a raiju
  4373 | Abyss:1  | Killed a raiju
  4373 | Abyss:1  | Noticed a raiju
  4374 | Abyss:1  | Reached skill level 9 in Unarmed Combat
  4375 | Abyss:1  | HP: 17/75 [raiju (8)]
  4375 | Abyss:1  | Noticed a wretched star
  4376 | Abyss:1  | 4376 ||| INVOKING Fiery Armour.
  4376 | Abyss:1  | HP: 7/75 [raiju/living lightning (11)]
  4376 | Abyss:1  | Slain by a raiju

Levels and vault maps discovered:
D:1:      minmay_arrival_four_circles, layout_loops_ring,
          hellmonk_ecumenical_altar_prayer_group, serial_rivers,
          chequers_serial_rivers_marsh, chequers_serial_rivers_small_b,
          chequers_serial_rivers_micro_b, chequers_serial_rivers_micro_d,
          hangedman_decor_diamond_cutter
D:2:      layout_basic
D:3:      layout_basic, zin_treasury, lemuel_doored_altar, serial_shops,
          nicolae_shop_stone, shop, nicolae_shop_bloodbath_and_beyond
D:4:      layout_rooms, minmay_overflow_temple_star_hex, minmay_vboxes
D:5:      layout_gridville, serial_shops, nicolae_shop_advertising_works
          [nicolae_subvault_shop_adworks]
D:6:      layout_loops_ring, mainiacjoe_overflow_boulevard,
          lemuel_coloured_pillars_altar, minmay_misc_feat_alley,
          minmay_misc_feat_chi, st_stairs_3, hangedman_decor_opposing,
          minmay_shop_damaged
Abyss:1:  base:
D:3

Skill      XL: |  1  2  3  4  5  6  7  8 |
---------------+-------------------------+-----
Unarmed Combat | 4 5 6 7 9 |  9.2
Shields        | 2 4 6 |  6.1
Fighting       | 3 |  3.2
Spellcasting   | |  1.0
Fire Magic     | |  2.1

Action                   |  1- 3 |  4- 6 |  7- 9 || total
-------------------------+-------+-------+-------++-------
Melee: Unarmed           |   119 |   129 |   118 ||   366
       Punch             |     2 |       |       ||     2
Throw: Boomerang         |       |       |     9 ||     9
Invok: Fiery Armour      |       |     2 |     2 ||     4
  Use: Scroll            |     1 |     4 |     6 ||    11
       Potion            |       |     1 |       ||     1
Armor: Robe              |    40 |    53 |    26 ||   119
Dodge: Dodged            |    44 |    43 |    33 ||   120
Block: Kite shield       |       |    23 |    36 ||    59

Table legend:
 A = Non-vault XP
 B = Vault XP
 C = Vault XP percentage of total XP
 D = Non-vault monster count
 E = Vault monster count
 F = Vault count percentage of total count
                 A         B        C        D         E       F
            +---------+---------+-------+---------+---------+-------
      Total |    2232 |     267 |  10.7 |     111 |      10 |   8.3
            +---------+---------+-------+---------+---------+-------
        D:1 |      40 |       2 |   4.8 |      25 |       1 |   3.8
        D:2 |      46 |       0 |   0.0 |      19 |       0 |   0.0
        D:3 |      52 |       0 |   0.0 |      17 |       0 |   0.0
        D:4 |     570 |      72 |  11.2 |      20 |       7 |  25.9
        D:5 |     818 |       0 |   0.0 |      21 |       0 |   0.0
        D:6 |     281 |     193 |  40.7 |       7 |       2 |  22.2
    Abyss:1 |     425 |       0 |   0.0 |       2 |       0 |   0.0
            +---------+---------+-------+---------+---------+-------
